 Dungeon Crawl Stone Soup version 0.17-a0-2118-g63bad21 (webtiles) character file.

18 4thArraOfDagon the Chucker (level 2, -3/31 HPs)
             Began as an Ogre Hunter on Oct 20, 2015.
             Slain by a centaur (5 damage)
             ... on level 5 of the Dungeon.
             The game lasted 00:03:19 (532 turns).

4thArraOfDagon the Chucker (Ogre Hunter)             Turns: 532, Time: 00:03:19

Health: -3/31      AC:  3    Str: 18    XL:     2   Next: 70%
Magic:  2/2        EV: 15    Int: 10    God:
Gold:   70         SH:  0    Dex: 15    Spells: 0 memorised, 1 level left

rFire  . . .     SeeInvis .     c - +0 club
rCold  . . .     Clarity  .     d - +0 robe
rNeg   . . .     SustAt   .     (no shield)
rPois  .         Gourm    .     (helmet restricted)
rElec  .         Spirit   .     (no cloak)
rCorr  .         Warding  .     (gloves unavailable)
rMut   .         Stasis   .     (boots unavailable)
MR     +....                    (no amulet)
Stlth  +++.......               (no ring)
                                (no ring)

@: agile, somewhat resistant to hostile enchantments, fairly stealthy
A: unfitting armour, magic resistance 1, strong 1, tough skin 1
a: no special abilities


You were on level 5 of the Dungeon.
You were not hungry.

You visited 1 branch of the dungeon, and saw 5 of its levels.

You collected 70 gold pieces.

Inventory:

Hand Weapons
 c - a +0 club (weapon)
 g - a -3 mace
Missiles
 a - a large rock (quivered)
Armour
 d - a +0 robe (worn)
Jewellery
 i - an uncursed ring of fire
Scrolls
 f - 2 scrolls of teleportation
 j - a scroll of magic mapping {unknown}
 l - a scroll of random uselessness {unknown}
 m - 2 scrolls of remove curse
 p - a scroll of blinking {unknown}
Potions
 n - a potion of agility
Comestibles
 e - a bread ration
 o - a chunk of flesh


   Skills:
 - Level 3.2 Fighting
 * Level 1.6 Maces & Flails
 - Level 4.0 Throwing
 - Level 2.1 Dodging
 - Level 0.7 Stealth


You had one spell level left.
You didn't know any spells.

Dungeon Overview and Level Annotations

Branches:
Dungeon (5/15)
 Temple: D:4-7

Altars:
Trog
Xom
Yredelemnul

Annotations:
D:5 Pikel


Innate Abilities, Weirdness & Mutations

You are too large for most types of armour.
You have tough skin (AC +1).
You are resistant to hostile enchantments.
Your muscles are strong. (Str +2)


Message History

The centaur unwields an uncursed shortbow.
The centaur misses you. The adder skeleton bites you.
* * * LOW HITPOINT WARNING * * *
Unknown command.
Unknown command.
You aren't carrying any items that can be evoked.
Unknown command.
Drink which item? (? for menu, Esc to quit)
You don't have any such object.
Drink which item? (? for menu, Esc to quit)
Okay, then.
Unknown command.
Throwing (i - inventory):
a - 2 large rocks (quivered)
Press: ? - help, Shift-Dir - straight line, f/p - centaur
Aim: a centaur (moderately wounded)
You throw a large rock. The large rock hits the centaur!
The centaur is almost dead.
You hear a shout!
The centaur hits you.
You die...

..#...#...#.c....#.......[.....
#..#...#.(......#......#8.8##.
#....#..........#.####.##.###.
#...........#.##....#.#.#.
########......(...#.##.#..#...#.
...............(..#.##.#...##...
#########.........#.##.#......#.
#########(#.##.#......+.
#@Z.............#.
#.c...............
#..........#..#.#.
#.........(#....#.
###+#+##...#....# ... #...#....#
...Z. #...#....# .......
#...#....# ....... ....#..#.#


You could see a centaur and an adder skeleton.

Vanquished Creatures
  An adder (D:5)
  A giant gecko (D:4)
  2 hobgoblins
  A jackal (D:2)
  A bat (D:2)
  2 giant newts (D:2)
  A rat (D:3)
9 creatures vanquished.

Notes
Turn   | Place    | Note
--------------------------------------------------------------
     0 | D:1      | 4thArraOfDagon the Ogre Hunter began the quest for the Orb.
     0 | D:1      | Reached XP level 1. HP: 22/22 MP: 1/1
    20 | D:1      | rotfl
   230 | D:3      | Reached skill level 1 in Maces & Flails
   230 | D:3      | Reached XP level 2. HP: 14/31 MP: 2/2
   232 | D:3      | Found a shimmering altar of Xom.
   234 | D:3      | Found a bloodstained altar of Trog.
   311 | D:4      | Found a basalt altar of Yredelemnul.
   417 | D:5      | Entered Level 5 of the Dungeon
   514 | D:5      | Noticed a centaur
   519 | D:5      | Noticed Pikel
   524 | D:5      | HP: 1/31 [centaur/arrow (1)]
   529 | D:5      | Gained mutation: You are resistant to hostile enchantments. [potion of mutation]
   529 | D:5      | Gained mutation: Your muscles are strong. (Str +2) [potion of mutation]
   532 | D:5      | Slain by a centaur

Vault maps used:
D:1:      lordsloth_arrival_two_stooges, minmay_newt_pond
D:2:      minivault_25, serial_bayou_pond_c, uniq_jessica
D:3:      lemuel_doored_altar, amethyst_overflow_temple_binary,
          gup_sewer_entry_glass, uniq_crazy_yiuf_cottage
D:4:      yredelemnul_altar_generic, first_bread, wad_floor_pattern_2,
          kennysheep_generic_room_9, uniq_duvessa
D:5:      lemuel_round_altar, st_stairs_6, small_statue_intersection,
          hex_medium, uniq_pikel, uniq_eustachio

Action                   || total
-------------------------++-------
Melee: Club              ||    16
       Mace              ||     9
Throw: Large rock        ||    12
       Throwing net      ||     4
  Use: Scroll            ||     2
       Potion            ||     4
 Stab: Sleeping          ||     1
